 Dungeon Crawl Stone Soup version 0.15.2 (webtiles) character file.

4966 Dipster the Covert (level 10, -3/46 HPs)
             Began as a Spriggan Assassin on Oct 18, 2016.
             Was an Initiate of Ashenzari.
             Killed from afar by a fire drake (21 damage)
             ... with a blast of flame
             ... on Level 10 of the Dungeon.
             The game lasted 00:49:04 (12909 turns).

Dipster the Covert (Spriggan Assassin)             Turns: 12909, Time: 00:49:05

HP  -3/46        AC 15     Str  9      XL: 10   Next: 28%
MP   6/6         EV 11     Int 15      God: Ashenzari [......]
Gold 745         SH  0     Dex 19      Spells:  0 memorised,  9 levels left

rFire  . . .     SeeInvis +     c - +3 cutlass of the Warrior-Mage {antimagic, +Inv rN+}
rCold  . . .     Clarity  .     D - +0 pearl dragon armour
rNeg   + + .     rCorr    .     (shield restricted)
rPois  .         rRot     .     (helmet restricted)
rElec  .         Spirit   .     d - +0 cloak
SustAb .         Warding  .     (gloves unavailable)
rMut   .         Stasis   .     (boots unavailable)
Gourm  .                        (no amulet)
MR     +....                    T - cursed ring of flight
                                u - cursed +2 ring of intelligence

@: studying Crossbows, very quick, somewhat resistant to hostile enchantments,
stealthy
A: unfitting armour, see invisible, herbivore 3, speed 3, slow metabolism 2
a: Renounce Religion, Evoke Invisibility, Evoke Flight


You were on level 10 of the Dungeon.
You worshipped Ashenzari.
Ashenzari was noncommittal.
You were not hungry.

You visited 2 branches of the dungeon, and saw 12 of its levels.

You collected 745 gold pieces.

Inventory:

Hand weapons
 a - a +2 dagger
 b - a +0 blowgun
 c - the cursed +3 cutlass of the Warrior-Mage (weapon) {antimagic, +Inv rN+}
   (You took it off a hobgoblin on level 9 of the Dungeon)

   It disrupts the flow of magical energy around spellcasters and certain
   magical creatures (including the wielder).
   It protects you from negative energy.
   It lets you turn invisible.
   It has a curse placed upon it.
 y - a +0 hunting sling
 J - a +0 cutlass
 U - the +4 flail "Trerhi" {speed, +Rage rC+ Dex+1}
   (You found it on level 6 of the Dungeon)

   Attacks with this weapon are significantly faster.
   It affects your dexterity (+1).
   It protects you from cold.
   It lets you go berserk.
 V - a +0 dagger of venom
 Z - the +11 long sword of Untruth {speed, Str+4 Int+1}
   (You found it on level 9 of the Dungeon)

   Attacks with this weapon are significantly faster.
   It affects your strength (+4).
   It affects your intelligence (+1).
Missiles
 e - 41 poisoned needles
 f - 4 curare-tipped needles
 l - 2 needles of confusion
 s - 28 sling bullets
 t - 40 stones (quivered)
 F - 2 throwing nets
 M - 16 arrows of flame
Armour
 d - a +0 cloak (worn)
 D - a +0 pearl dragon armour (worn)
Magical devices
 q - a wand of polymorph (6)
 v - a wand of slowing (11)
 N - a wand of draining (5)
 P - a wand of flame (8)
 S - a wand of frost (9)
Comestibles
 h - 4 bread rations
Scrolls
 i - 2 scrolls of teleportation
 j - 3 scrolls of summoning
 x - 3 scrolls of fog
 B - 2 scrolls of blinking {unknown}
 C - a scroll of enchant armour {unknown}
 E - 4 scrolls of immolation {unknown}
 I - 2 scrolls of random uselessness {unknown}
 R - 4 scrolls of curse weapon
Jewellery
 u - a cursed +2 ring of intelligence (left hand)
 T - a cursed ring of flight (right hand)
 X - an uncursed ring of regeneration
Potions
 g - a potion of porridge
 k - a potion of mutation {unknown}
 m - 4 potions of restore abilities
 n - a potion of invisibility {unknown}
 o - 2 potions of agility
 r - 3 potions of heal wounds
 z - a potion of haste {unknown}
 A - 2 potions of curing
 G - 2 potions of poison
 H - 2 potions of lignification
 L - 2 potions of magic {unknown}
 O - a potion of resistance {unknown}
 Q - a potion of might {unknown}
 Y - a potion of cure mutation {unknown}
Books
 w - a manual of Crossbows
 W - a book of Ice

   Spells                             Type                      Level
   Metabolic Englaciation             Hexes/Ice                    5
   Ozocubu's Refrigeration            Ice                          6
   Bolt of Cold                       Conjuration/Ice              6
   Freezing Cloud                     Conjuration/Ice/Air          6
   Simulacrum                         Ice/Necromancy               6
Miscellaneous
 K - a phial of floods
Rods
 p - a +3 rod of ignition (11/11)
   (You found it on level 7 of the Dungeon)


   Skills:
 - Level 1.5 Fighting
 + Level 9.7 Short Blades
 - Level 2.1 Throwing
 * Level 8.6 Armour
 - Level 1.5 Dodging
 - Level 10.2 Stealth


You had 9 spell levels left.
You didn't know any spells.

Dungeon Overview and Level Annotations

Branches:
Dungeon (10/15)            Temple (0/1) D:6             Orc (2/4) D:9
   Lair (0/8) D:10

Altars:
Ashenzari
Cheibriados
Dithmenos
Nemelex Xobeh
Sif Muna
Vehumet


Innate Abilities, Weirdness & Mutations

You are tiny and cannot use many weapons and most armour.
You have supernaturally acute eyesight.
You are a herbivore.
You cover ground extremely quickly.
You need consume almost no food.


Message History

You barely miss the troll.
The troll is moderately wounded.
The troll bites you but does no damage. The troll claws you!
The troll claws you.
You puncture the troll!
The troll is heavily wounded.
You closely miss the troll.
The troll is heavily wounded.
The fire drake barely misses you. The troll barely misses you.
The troll claws you but does no damage. x2
You hit the troll but do no damage.
The troll is heavily wounded.
The fire drake bites you but does no damage.
You slash the troll!
The troll is severely wounded.
The troll closely misses you. The troll claws you but does no damage.
The troll barely misses you. The fire drake breathes flames at you.
The blast of flame hits you!
You die...

≈≈. ≈§§.!≈≈.#
.§§§>§≈§.##
.§§§§.§≈≈....
#§≈≈≈≈≈≈......
#...≈≈≈.......
#.............
#....Tk.....%.#
#...@.......#
#...<.......#
#...........#
#...........
#.########## #.
#


You could see a troll and a fire drake.

Vanquished Creatures
  The ghost of deskach the Thaumaturge, an experienced DEWz of Vehumet (D:9)
  A water moccasin (D:9)
  2 black bears
  4 orc warriors
  2 sky beasts
  An ice beast (D:8)
  7 ogres
  A crocodile (D:7)
  Duvessa (D:7)
  2 big kobolds
  3 centaurs
  Blork the orc (D:4)
  2 scorpions
  7 giant frogs
  A cyclops skeleton (D:9)
  An eye of draining (D:9)
  3 killer bees (D:7)
  10 wights
  3 crimson imps
  Dowan (D:7)
  6 orc priests
  3 hounds
  A gnoll shaman (D:7)
  2 iguanas (D:9)
  4 orc wizards
  6 worker ants
  A hound skeleton (D:8)
  8 adders
  12 gnolls
  2 shadow imps
  2 giant mites
  4 worms
  An adder skeleton (D:4)
  A gnoll skeleton (D:7)
  5 giant geckos
  An ooze (D:2)
  32 orcs
  A bat skeleton (D:7)
  8 giant cockroaches
  14 hobgoblins
  32 kobolds
  6 quokkas
  14 bats
  5 giant newts
  A giant spore (D:9)
  13 goblins
  A hobgoblin zombie (D:6)
  9 jackals
  2 orc zombies
  10 rats
  2 ballistomycetes (D:9)
263 creatures vanquished.

Vanquished Creatures (others)
  An orc (D:6)
1 creature vanquished.

Grand Total: 264 creatures vanquished

Notes
Turn   | Place    | Note
--------------------------------------------------------------
     0 | D:1      | Dipster, the Spriggan Assassin, began the quest for the Orb.
     0 | D:1      | Reached XP level 1. HP: 10/10 MP: 2/2
   109 | D:1      | Reached skill level 6 in Stealth
   148 | D:1      | Reached XP level 2. HP: 11/14 MP: 4/4
   942 | D:2      | Reached XP level 3. HP: 18/18 MP: 6/6
  1386 | D:2      | Reached skill level 7 in Stealth
  1483 | D:2      | Reached XP level 4. HP: 22/22 MP: 8/8
  2034 | D:3      | Reached XP level 5. HP: 22/25 MP: 10/10
  2845 | D:4      | Reached skill level 5 in Short Blades
  2896 | D:4      | Reached skill level 1 in Armour
  2934 | D:4      | Reached skill level 8 in Stealth
  2934 | D:4      | Reached XP level 6. HP: 30/30 MP: 12/12
  3093 | D:4      | Noticed an ogre
  3131 | D:4      | Killed an ogre
  3276 | D:4      | Found a radiant altar of Vehumet.
  3758 | D:5      | Entered Level 5 of the Dungeon
  3881 | D:5      | Noticed Blork the orc
  4040 | D:4      | Got a heavily jewelled robe
  4051 | D:4      | Identified the -3 robe of Pul Stemn {Str+1 Dex+1 Curse} (You found it on level 4 of the Dungeon)
  4173 | D:4      | Killed Blork the orc
  4483 | D:5      | Reached XP level 7. HP: 33/33 MP: 14/14
  4767 | D:5      | Found a shadowy altar of Dithmenos.
  4826 | D:5      | Found a deep blue altar of Sif Muna.
  4862 | D:6      | Found a shattered altar of Ashenzari.
  4883 | D:6      | Became a worshipper of Ashenzari the Shackled
  5046 | D:5      | Reached skill level 9 in Stealth
  5604 | D:6      | Found a staircase to the Ecumenical Temple.
  5906 | D:5      | Reached XP level 8. HP: 25/37 MP: 16/16
  6244 | D:6      | Reached skill level 10 in Stealth
  6438 | D:6      | Found a snail-covered altar of Cheibriados.
  6449 | D:6      | Found a sparkling altar of Nemelex Xobeh.
  6589 | D:6      | Got the flail "Trerhi" {speed, +Rage rC+ Dex+1}
  6864 | D:7      | Noticed Dowan
  6868 | D:7      | Noticed Duvessa
  6869 | D:7      | Killed Dowan
  7317 | D:7      | Killed Duvessa
  7317 | D:7      | Reached skill level 5 in Armour
  7730 | D:7      | Identified a +2 rod of ignition (9/9) (You found it on level 7 of the Dungeon)
  7732 | D:7      | Identified the +4 flail "Trerhi" {speed, +Rage rC+ Dex+1} (You found it on level 6 of the Dungeon)
  8020 | D:7      | Reached XP level 9. HP: 23/41 MP: 18/18
  8927 | D:8      | Found a deep blue altar of Sif Muna.
  9754 | D:9      | Noticed deskach's ghost (experienced DEWz)
  9795 | D:9      | Killed deskach's ghost
  9851 | D:9      | Found a staircase to the Orcish Mines.
  9905 | D:9      | Reached XP level 10. HP: 32/46 MP: 19/19
 10684 | D:9      | Got the long sword of Untruth {speed, Str+4 Int+1}
 11599 | D:9      | Noticed a hill giant
 12221 | D:9      | Got the cursed cutlass of the Warrior-Mage {antimagic, +Inv rN+}
 12222 | D:9      | Identified the cursed +3 cutlass of the Warrior-Mage {antimagic, +Inv rN+} (You took it off a hobgoblin on level 9 of the Dungeon)
 12222 | D:9      | Identified the +11 long sword of Untruth {speed, Str+4 Int+1} (You found it on level 9 of the Dungeon)
 12635 | Orc:1    | Entered Level 1 of the Orcish Mines
 12899 | D:10     | Entered Level 10 of the Dungeon
 12899 | D:10     | Found a staircase to the Lair.
 12909 | D:10     | Killed from afar by a fire drake

Action                   |  1- 3 |  4- 6 |  7- 9 | 10-12 || total
-------------------------+-------+-------+-------+-------++-------
Melee: Dagger            |   117 |   149 |   332 |   182 ||   780
       Flail             |       |       |   216 |    78 ||   294
       Cutlass           |       |       |       |    58 ||    58
 Fire: Blowgun           |    17 |    55 |   105 |    36 ||   213
       Hunting sling     |       |    32 |    66 |       ||    98
Throw: Stone             |       |       |       |    10 ||    10
Evoke: Wand              |       |       |       |    10 ||    10
       Rod               |       |       |       |     1 ||     1
  Use: Scroll            |       |       |     9 |     3 ||    12
       Potion            |       |       |     2 |     1 ||     3
 Stab: Sleeping          |     7 |    15 |    22 |     6 ||    50
       Distracted        |     1 |       |     1 |       ||     2
  Eat: Pizza             |       |       |     2 |       ||     2
       Bread ration      |       |       |     1 |       ||     1
       Fruit             |       |       |       |     3 ||     3
